 Dungeon Crawl Stone Soup version 0.29.1-2-gbd0b4ee654 (webtiles) character file.

Game seed: 1110772611304988082

35 GorkyZ the Magician (level 3, 0/19 HPs)
             Began as a Deep Elf Air Elementalist on Nov 18, 2022.
             Succumbed to an adder's poison
             ... on level 2 of the Dungeon.
             The game lasted 00:03:40 (1653 turns).

GorkyZ the Magician (Deep Elf Air Elementalist)     Turns: 1653, Time: 00:03:40

Health: 0/19       AC:  2    Str:  5    XL:     3   Next: 16%
Magic:  3/9        EV: 13    Int: 21    God:
Gold:   55         SH:  0    Dex: 15    Spells: 7/8 levels left

rFire   . . .      SeeInvis .   h - +1 dagger (vamp)
rCold   . . .      Faith    .   (no shield)
rNeg    . . .      Spirit   .   a - +0 robe
rPois   .          Reflect  .   (no helmet)
rElec   .          Harm     .   (no cloak)
rCorr   .          Rampage  .   (no gloves)
Will    .....                   (no boots)
Stlth   ++........              (no amulet)
HPRegen 0.06/turn               (no ring)
MPRegen 0.11/turn               (no ring)

@: lethally poisoned (0 -> -3), flying, very slightly contaminated, hasted,
invisible, very quick
A: no striking features
a: no special abilities


You were on level 2 of the Dungeon.
You visited 1 branch of the dungeon, and saw 2 of its levels.

You collected 55 gold pieces.

Inventory:

Hand Weapons
 h - a +1 vampiric dagger (weapon)
Armour
 a - a +0 robe (worn)
Scrolls
 c - a scroll of amnesia {unknown}
 e - 2 scrolls of enchant armour {unknown}
 f - 2 scrolls of enchant weapon {unknown}
Potions
 b - a potion of magic
 d - a potion of haste


   Skills:
 + Level 2.8 Dodging
 - Level 2.4 Stealth
 + Level 3.3 Spellcasting
 + Level 1.6 Conjurations
 + Level 0.9 Summonings
 + Level 1.0 Translocations
 + Level 3.1 Air Magic
 + Level 0.6 Poison Magic


You had 7 spell levels left.
You knew the following spells:

 Your Spells              Type           Power      Damage    Failure   Level
a - Shock                 Conj/Air       52%        1d6       4%          1

Your spell library contained the following spells:

 Spells                   Type           Power      Damage    Failure   Level
 Static Discharge         Conj/Air       13%        3-5/arc   7%          2
 Swiftness                Air            16%        N/A       11%         3
 Airstrike                Air            8%         2d(2-18)  34%         4


Dungeon Overview and Level Annotations

Branches:
Dungeon (2/15)

Altars:


Message History

i - a lumpy coppery potion An adder comes into view.
The adder hisses angrily.
The zap hits the adder.
The adder is heavily wounded.
The zap hits the adder.
The adder is almost dead.
The adder bites you.
An adder is nearby!
The zap misses the adder.
The adder barely misses you.
The zap misses the adder.
The adder bites you. The adder misses you.
The zap misses the adder.
The adder bites you.
You are poisoned.
The adder poisons you!
You miscast Shock.
You are very lightly contaminated with residual magic.
Nothing appears to happen.
You feel sick. The adder bites you.
* * * LOW HITPOINT WARNING * * *
You hit the adder.
You kill the adder!
* * * LOW HITPOINT WARNING * * *
You feel sick.
Your Translocations skill increases to level 1!
You have reached level 3!
Your experience leads to an increase in your attributes!
Increase (S)trength, (I)ntelligence, or (D)exterity?
You feel clever. x2
There is a lethal amount of poison in your body!
There is a lethal amount of poison in your body!
It was a potion of haste.
You feel yourself speed up.
* * * LOW HITPOINT WARNING * * *
You feel sick.
It was a potion of flight.
You feel very buoyant.
You fly up into the air.
* * * LOW HITPOINT WARNING * * *
You feel sick.
It was a potion of invisibility.
You fade into invisibility!
You die...

######........
..............
.#####.#####..
.# #.# #.
.#####.# ###..
.......# ....
.####### #...
.# ###...###
.# ......†@#
.## ##...##.#
..# #. #.#
..... #.#
.#.#.# #.#
.#.# .# #.#
<#.# . #.# .#
#.# .# #.#


There were no monsters in sight!

Vanquished Creatures
  An adder (D:2)
  3 dart slugs (D:2)
  2 bats (D:1)
  4 endoplasms
  A giant cockroach (D:1)
  A goblin (D:2)
  3 hobgoblins (D:1)
  2 ball pythons (D:1)
17 creatures vanquished.

Notes
Turn   | Place    | Note
-------+----------+-------------------------------------------
     0 | D:1      | GorkyZ the Deep Elf Air Elementalist began the quest for
                  | the Orb.
     0 | D:1      | Reached XP level 1. HP: 10/10 MP: 6/6
   327 | D:1      | Reached XP level 2. HP: 15/15 MP: 4/8
  1651 | D:2      | Reached skill level 1 in Translocations
  1651 | D:2      | Reached XP level 3. HP: 3/19 MP: 2/9
  1653 | D:2      | Succumbed to an adder's poison

Illustrated notes

Levels and vault maps discovered:
D:1:      dpeg_arrival_connections, layout_basic, minmay_misc_feat_diagonals
D:2:      minmay_angry_zag, layout_basic

Skill      XL: |  1  2 |
---------------+-------+-----
Translocations | 1 |  1.0
Dodging        | |  2.8
Stealth        | |  2.4
Spellcasting   | |  3.3
Conjurations   | |  1.6
Summonings     | |  0.9
Air Magic      | |  3.1
Poison Magic   | |  0.6

Action                   || total
-------------------------++-------
Melee: Dagger            ||     1
       Unarmed           ||     1
 Cast: Shock             ||    46
  Use: Potion            ||     3
Dodge: Dodged            ||     5
